 Dungeon Crawl Stone Soup version 0.30.0-10-gfe55d96785 (webtiles) character file.

Game seed: 17899039732946884404

244 qw the Chopper (level 6, -1/38 HPs)
             Began as a Gargoyle Cinder Acolyte on May 17, 2023.
             Was a High Priest of Ignis.
             Slain by Edmund
             ... wielding a +2 flail of protection
              (8 damage)
             ... on level 4 of the Dungeon.
             The game lasted 00:01:44 (3258 turns).

qw the Chopper (Gargoyle Cinder Acolyte)            Turns: 3258, Time: 00:01:45

Health: -1/38      AC: 21    Str: 19    XL:     6   Next: 10%
Magic:  7/7        EV:  7    Int: 15    God:    Ignis [*****.]
Gold:   122        SH:  0    Dex:  5    Spells: 7/7 levels left

rFire   + . .        Y - +0 hand axe (flame)
rCold   . . .        (no shield)
rNeg    + . .        f - +0 chain mail
rPois   inf          i - +0 helmet
rElec   +            (no cloak)
rCorr   .            (no gloves)
SInv    +            (no boots)
Will    .....        (no amulet) Stlth
                     b - ring of see invisible
HPRegen 0.26/turn    (no ring)
MPRegen 0.10/turn

%: no passive effects
@: fiery-armoured
A: sickness immunity, AC +4, negative energy resistance 1, electricity
resistance, torment resistance 1, petrification resistance
a: Renounce Religion, Fiery Armour, Foxfire Swarm, Rising Flame


You were on level 4 of the Dungeon.
You worshipped Ignis.
Ignis was extremely pleased with you.
You visited 1 branch of the dungeon, and saw 5 of its levels.

You collected 122 gold pieces.


Innate Abilities, Weirdness & Mutations

You are immune to sickness and miasma.
Your stone body is resilient. (AC +4)
You are immune to poison.
You resist negative energy. (rN+)
You are resistant to electric shocks. (rElec)
You are resistant to unholy torment.
You are immune to petrification.


   Skills:
 - Level 4.0 Fighting
 + Level 5.2 Axes
 - Level 2.4 Armour
 - Level 1.0 Spellcasting
 - Level 3.0 Fire Magic


You had 7 spell levels left.
You didn't know any spells.
Your spell library contained the following spells:

 Spells                   Type           Power      Damage    Failure   Level
 Scorch                   Fire           18%        2d6       67%         2

Inventory:

Hand Weapons
 c - the +2 hand axe of Eritoz {freeze, Fly rCorr Dex-3}
   (You found it on level 4 of the Dungeon)

   Dex:       It affects your dexterity (-3).
   Fly:       It grants you flight.
   rCorr:     It protects you from acid and corrosion.
 Y - a +0 hand axe of flaming (weapon)
Armour
 f - a +0 chain mail (worn)
 i - a +0 helmet (worn)
 k - a +0 pair of gloves
Jewellery
 b - a ring of see invisible (left hand)
 m - a +5 ring of evasion
Scrolls
 j - 3 scrolls of identify {unknown}
 l - a scroll of blinking {unknown}
Potions
 a - a potion of cancellation {unknown}
 d - 4 potions of curing
 e - a potion of mutation {unknown}
 g - a potion of resistance {unknown}
 h - a potion of brilliance {unknown}
 n - a potion of might {unknown}

Dungeon Overview and Level Annotations

Branches:
Dungeon (5/15)             Temple (0/1) D:4

Altars:
Yredelemnul

Annotations:
D:4 Edmund


Message History

Edmund closely misses you.
You barely miss Edmund.
Edmund is heavily wounded.
Edmund hits you with a +2 flail of protection.
You barely miss Edmund.
Edmund is heavily wounded.
Edmund hits you but does no damage.
You closely miss Edmund.
Edmund is heavily wounded.
Edmund hits you but does no damage.
You hit Edmund but do no damage.
Edmund is heavily wounded.
Edmund hits you but does no damage.
You hit Edmund but do no damage.
Edmund is heavily wounded.
Edmund hits you but does no damage.
Edmund is burned by your cloak of flames.
Edmund is heavily wounded.
You closely miss Edmund.
Edmund is heavily wounded.
Edmund hits you but does no damage.
You closely miss Edmund.
Edmund is heavily wounded.
Edmund barely misses you.
You barely miss Edmund.
Edmund is heavily wounded.
Edmund barely misses you.
You hit Edmund but do no damage.
Edmund is heavily wounded.
Edmund barely misses you.
You slash Edmund! You burn Edmund.
Edmund is severely wounded.
Edmund closely misses you.
You slash Edmund! You burn Edmund.
Edmund is almost dead.
Edmund hits you but does no damage.
You closely miss Edmund.
Edmund is almost dead.
Edmund hits you with a +2 flail of protection!
You die...

.)............# # ############..#
........ # #### ##..###........ #
...# #..###......... # ##.#
#.###..)....... # #.###..........
# .######.#>..# ....... # #
........#...##@...... #
#########.....#.@$...... # ...##
##........###..... #
##..###...###......>...## #
##..............######..# #
.............#..#######%#########
.#........#####.....##.........##
.....#.##.# #####....##...##.##
....#..##.# ####)##...##.##
...#..###.# #.........#


You could see Edmund.

Vanquished Creatures
  A scorpion (D:5)
  A scorpion zombie (D:3)
  3 gnolls (D:2)
  4 adders
  An adder zombie (D:3)
  A worm (D:2)
  4 dart slugs
  3 orcs
  2 bats
  7 endoplasms
  2 giant cockroaches
  7 hobgoblins
  5 jackals
  9 kobolds
  5 quokkas
  10 ball pythons
  3 frilled lizards
  5 goblins
  2 quokka zombies (D:3)
  3 rats
78 creatures vanquished.

Notes
Turn   | Place    | Note
-------+----------+-------------------------------------------
     0 | D:1      | qw the Gargoyle Cinder Acolyte began the quest for the Orb.
     0 | D:1      | Reached XP level 1. HP: 14/14 MP: 2/2
     0 | D:1      | 0 ||| qw: Version: 0.2-a-95-g169b19f
     0 | D:1      | 0 ||| qw: Game counter: 190
     0 | D:1      | 0 ||| qw: Always use a shield: true
     0 | D:1      | 0 ||| qw: God list: Okawaru
     0 | D:1      | 0 ||| qw: Allow faded altars: false
     0 | D:1      | 0 ||| qw: Do Orc after D:15 true
     0 | D:1      | 0 ||| qw: Do second Lair branch before Depths: true
     0 | D:1      | 0 ||| qw: Lair rune preference: random
     0 | D:1      | 0 ||| qw: Plans: Normal
     0 | D:1      | 0 ||| PLANNING D:1-11
    82 | D:1      | 82 ||| Stepping ~*~*~tactically~*~*~ (hiding).
    85 | D:1      | 85 ||| Stepping ~*~*~tactically~*~*~ (hiding).
    86 | D:1      | 86 ||| Stepping ~*~*~tactically~*~*~ (hiding).
    98 | D:1      | Reached skill level 3 in Axes
   143 | D:1      | Reached XP level 2. HP: 19/19 MP: 3/3
   156 | D:1      | 156 ||| Stepping ~*~*~tactically~*~*~ (hiding).
   250 | D:1      | 250 ||| Stepping ~*~*~tactically~*~*~ (hiding).
   483 | D:1      | Reached XP level 3. HP: 19/23 MP: 4/4
   508 | D:1      | 508 ||| Stepping ~*~*~tactically~*~*~ (stealth).
   510 | D:1      | 510 ||| Stepping ~*~*~tactically~*~*~ (stealth).
   977 | D:1      | Reached skill level 4 in Axes
  1136 | D:1      | 1136 ||| UPGRADING to +0 leather armour.
  1146 | D:1      | 1146 ||| DROPPING +0 robe.
  1147 | D:1      | 1147 ||| UPGRADING to +0 chain mail.
  1157 | D:1      | 1157 ||| DROPPING +0 leather armour.
  1158 | D:1      | 1158 ||| READING scroll labelled FOTRIS LALO.
  1159 | D:1      | 1159 ||| DRINKING 2 red potions.
  1160 | D:1      | 1160 ||| DRINKING 2 green potions.
  1161 | D:1      | 1161 ||| DROPPING potion of degeneration.
  1365 | D:2      | 1365 ||| Stepping ~*~*~tactically~*~*~ (stealth).
  1436 | D:2      | Reached skill level 1 in Armour
  1587 | D:2      | Reached XP level 4. HP: 20/28 MP: 5/5
  1658 | D:2      | 1658 ||| INVOKING Fiery Armour.
  1922 | D:2      | 1922 ||| UPGRADING to ring of see invisible.
  1923 | D:2      | 1923 ||| READING scroll labelled HAINAI EBUPRI.
  2357 | D:3      | Reached XP level 5. HP: 30/32 MP: 6/6
  2368 | D:3      | You fall into a shaft and drop 2 floors!
  2368 | D:5      | Entered Level 5 of the Dungeon
  2395 | D:5      | Reached skill level 5 in Axes
  2455 | D:5      | 2455 ||| READING 3 scrolls labelled BAIDDA SODDIU.
  2456 | D:5      | 2456 ||| DROPPING 2 scrolls of fear.
  2472 | D:4      | Identified the +2 hand axe of Eritoz {freeze, Fly rCorr
                  | Dex-3}
  2664 | D:3      | Found a basalt altar of Yredelemnul.
  2895 | D:3      | 2895 ||| UPGRADING to +0 helmet.
  3131 | D:4      | Found a staircase to the Ecumenical Temple.
  3132 | D:4      | 3132 ||| Stepping ~*~*~tactically~*~*~ (stealth).
  3133 | D:4      | 3133 ||| Stepping ~*~*~tactically~*~*~ (stealth).
  3141 | D:4      | Reached XP level 6. HP: 38/38 MP: 7/7
  3142 | D:4      | 3142 ||| Stepping ~*~*~tactically~*~*~ (hiding).
  3175 | D:4      | 3175 ||| Stepping ~*~*~tactically~*~*~ (hiding).
  3195 | D:4      | 3195 ||| Stepping ~*~*~tactically~*~*~ (stealth).
  3196 | D:4      | 3196 ||| Stepping ~*~*~tactically~*~*~ (stealth).
  3210 | D:4      | Noticed Edmund
  3232 | D:4      | 3232 ||| INVOKING Fiery Armour.
  3237 | D:4      | HP: 8/38 [Edmund/+2 flail of protection (8)]
  3243 | D:4      | HP: 8/38 [Edmund/+2 flail of protection (1)]
  3258 | D:4      | Slain by Edmund

Levels and vault maps discovered:
D:1:      elethiomel_arrival_infinity_welcomes_careful_drivers,
          layout_loops_ring, st_stairs_11
D:2:      layout_loops_cross
D:3:      layout_basic, nicolae_yredelemnul_corpse_copse, minmay_cupped
D:4:      layout_rooms, minmay_temple_entry_stoned_glass, uniq_edmund
D:5:      layout_basic, nicolae_uskayaw_suspiria, chequers_hall_statues_y

Skill      XL: |  1  2  3  4  5 |
---------------+----------------+-----
Axes           | 3 4 5 |  5.2
Armour         | 1 2 |  2.4
Fighting       | 4 |  4.0
Spellcasting   | |  1.0
Fire Magic     | |  3.0

Action                     |  1- 3 |  4- 6 || total
---------------------------+-------+-------++-------
  Melee: Hand axe          |   128 |   188 ||   316
         Punch             |     1 |     1 ||     2
 Invoke: Fiery Armour      |       |     2 ||     2
    Use: Potion            |     2 |       ||     2
         Scroll            |     1 |     2 ||     3
 Armour: Robe              |    24 |       ||    24
         Chain mail        |     7 |   117 ||   124
  Dodge: Dodged            |    62 |    56 ||   118

Table legend:
 A = Non-vault XP
 B = Vault XP
 C = Vault XP percentage of total XP
 D = Non-vault monster count
 E = Vault monster count
 F = Vault count percentage of total count
                 A         B        C        D         E       F
            +---------+---------+-------+---------+---------+-------
      Total |     300 |      49 |  14.0 |      69 |       9 |  11.5
            +---------+---------+-------+---------+---------+-------
        D:1 |      45 |       7 |  13.5 |      24 |       4 |  14.3
        D:2 |      77 |       0 |   0.0 |      13 |       0 |   0.0
        D:3 |      46 |      42 |  47.7 |      19 |       5 |  20.8
        D:4 |      49 |       0 |   0.0 |      12 |       0 |   0.0
        D:5 |      83 |       0 |   0.0 |       1 |       0 |   0.0
            +---------+---------+-------+---------+---------+-------
